 Dungeon Crawl Stone Soup version 0.24.0-13-gcf9b3192b9 (webtiles) character file.

Game seed: 4093656313376745772, levelgen mode: deterministic

15359 Delamore the Severer (level 12, -1/165 HPs)
             Began as a Hill Orc Monk on Nov 5, 2019.
             Was a Priest of Beogh.
             Slain by an ice devil (5 damage)
             ... summoned by a kobold demonologist
             ... on level 11 of the Dungeon.
             The game lasted 00:35:54 (13827 turns).

Delamore the Severer (Hill Orc Monk)               Turns: 13827, Time: 00:35:55

Health: -1/165     AC: 26    Str: 19      XL:     12   Next: 26%
Magic:  8/12       EV:  2    Int: 10      God:    Beogh [***...]
Gold:   445        SH:  0    Dex: 15 (16) Spells: 11/11 levels left

rFire    + . .     SeeInvis .   S - +0 battleaxe (freeze)
rCold    + + .     Gourm    .   (shield currently unavailable)
rNeg     + + +     Faith    .   (armour currently unavailable)
rPois    +         Spirit   .   (helmet currently unavailable)
rElec    .         Reflect  .   (cloak currently unavailable)
rCorr    .         Harm     .   (gloves currently unavailable)
MR       .....     NoTele   +   (boots currently unavailable)
Stlth    ++........             X - amulet "Joerexuo" {+Rage rC+ Dex+3}
HPRegen  0.37/turn              U - ring of protection from cold
MPRegen  0.13/turn              K - ring of protection from fire

@: tree-form
A: no striking features
a: Smiting, Renounce Religion, Evoke Berserk Rage


You were on level 11 of the Dungeon.
You worshipped Beogh.
Beogh was most pleased with you.
You were not hungry.
You were a tree.
You visited 1 branch of the dungeon, and saw 11 of its levels.

You collected 541 gold pieces.
You spent 96 gold pieces at shops.

Inventory:

Hand Weapons
 p - a +4 hand axe
 Q - a +0 hand axe of flaming
 S - a +0 battleaxe of freezing (weapon)
Missiles
 r - 49 poisoned darts (quivered)
 t - 5 javelins
 B - 2 throwing nets
Armour
 y - a scarf of resistance (melded)
 C - a +0 helmet (melded)
 H - the +4 scale mail of Yqeusk (melded) {Stlth+}
   (You found it on level 6 of the Dungeon)

   It makes you more stealthy.
 N - the +0 helmet of the Crushed Seas {*Slow rElec rN+}
   (You found it on level 8 of the Dungeon)

   It insulates you from electricity.
   It protects you from negative energy.
   It may slow you when you take damage.
 O - a +1 pair of gloves (melded)
 P - a +7 plate armour of ponderousness
Jewellery
 d - the amulet of Hacsaits {rElec Regen+ Str-3 Dex+7}
   (You took it off a boggart on level 10 of the Dungeon)

   [amulet of regeneration]

   It affects your strength (-3).
   It affects your dexterity (+7).
   It insulates you from electricity.
   It increases your rate of regeneration.
 x - an uncursed ring of see invisible
 z - a +3 ring of intelligence
 E - an uncursed ring of protection from fire
 K - a ring of protection from fire (right branch)
 T - the ring of Division {Wiz rN+, unknown}
   (You found it on level 10 of the Dungeon)

   [ring of wizardry]

   It improves your spell success rate.
   It protects you from negative energy.
 U - a ring of protection from cold (left branch)
 X - the amulet "Joerexuo" (around neck) {+Rage rC+ Dex+3}
   (You took it off a death knight on level 10 of the Dungeon)

   [amulet of rage]

   It affects your dexterity (+3).
   It protects you from cold.
   It lets you go berserk.
 Y - the ring of Huynkeid {Ice Dex+3, unknown}
   (You found it on level 10 of the Dungeon)

   [ring of ice]

   It enhances your ice magic.
   It affects your dexterity (+3).
   It makes you vulnerable to fire.
   It protects you from cold.
Wands
 a - a wand of flame (15)
 e - a wand of digging (9)
 l - a wand of acid (18)
 J - a wand of enslavement (10)
 R - a wand of disintegration (9)
Scrolls
 f - 6 scrolls of enchant armour
 h - 3 scrolls of immolation {unknown}
 j - a scroll of blinking
 k - 3 scrolls of remove curse
 m - 7 scrolls of teleportation {unknown}
 n - a scroll of fear {unknown}
 q - 5 scrolls of amnesia {unknown}
 u - a scroll of magic mapping {unknown}
 A - 3 scrolls of fog
 F - a scroll of identify
 G - 4 scrolls of enchant weapon {unknown}
 L - 2 scrolls of random uselessness
 W - a scroll of noise {unknown}
Potions
 b - 2 potions of haste
 g - 3 potions of agility
 i - 8 potions of curing
 o - 2 potions of resistance
 s - 2 potions of ambrosia
 w - 4 potions of flight
 D - a potion of degeneration
 I - a potion of berserk rage
 M - 2 potions of mutation
 V - a potion of might
Comestibles
 c - 17 rations


   Skills:
 * Level 11.4 Fighting
 + Level 17.3 Axes
 - Level 0.1 Throwing
 * Level 10.7 Armour
 * Level 3.2 Dodging
 - Level 1.5 Stealth
 + Level 0.4 Evocations


You had 11 spell levels left.
You didn't know any spells.
Your spell library contained the following spells:

 Spells                   Type           Power        Failure   Level  Hunger
 Summon Butterflies       Summ           #.......     36%         1    ##.....
 Call Canine Familiar     Summ           #.......     75%         3    ####...
 Summon Ice Beast         Ice/Summ       #.......     98%         4    #####..
 Summon Mana Viper        Hex/Summ       #.......     100%        5    ######.
 Summon Hydra             Summ           #.........   100%        7    #######


Dungeon Overview and Level Annotations

Branches:
Dungeon (11/15)            Temple (0/1) D:5            Lair (0/6) D:11
    Orc: D:9-12

Altars:
Okawaru
Trog
Uskayaw
The Shining One

Shops:
D:5 !   D:7 %

Annotations:
D:6 2 transporters, Masnef's ghost, novice OgWz


Message History

* * * LOW HITPOINT WARNING * * *
The ice devil freezes you. You resist.
* * * LOW HITPOINT WARNING * * *
The chaos spawn gores you but does no damage.
Your orc wizard barely misses the kobold demonologist.
The kobold demonologist hits you but does no damage.
You hit the kobold demonologist. You freeze the kobold demonologist.
The kobold demonologist is heavily wounded.
You barely miss the chaos spawn. You closely miss the big kobold.
You barely miss the kobold demonologist.
You hit the ice devil but do no damage.
Your orc barely misses the ice devil.
Your orc wizard hits the kobold demonologist but does no damage.
An orc warrior comes into view. It is wielding a +0 scimitar.
The orc warrior stares at you in amazement and kneels.
It shouts, "I'll follow thee gladly!"
The kobold demonologist hits your orc wizard with a +0 dagger.
The ice devil hits you.
* * * LOW HITPOINT WARNING * * *
The ice devil freezes you. You resist.
You die...

...P.....#### ......P...#.##
# ..)### .P.....P...#.#
.#.....# ............#
#.#....# ............##
####.....#
.P.P.P.PPP.#.###.#.≈≈≈..###
PP...P....P.#......≈≈≈.##.#
.PP>.P..P...)...o4.†≈≈...####
..PP............♣KK.?(..#...#
..†.P♣..P.P....KK4o..........
...............(..K.†........
......PP.P.........K....###..
.........##≈≈≈..........#
....♣.P...#≈≈≈...###...o#
....PP.###.≈≈≈...# #......
......## #....^..# #.......
...<..# ...... .........


You could see an ice devil, 3 kobold demonologists, a chaos spawn, a big kobold,
2 kobolds, a friendly orc warrior, a friendly orc wizard and a friendly orc.

Vanquished Creatures
  A hydra (D:8)
  A death knight (D:10)
  A catoblepas (D:10)
  2 two-headed ogres
  A skeletal warrior (D:10)
  An orange crystal statue (D:9)
  Pikel (D:9)
  An ugly thing (D:10)
  A centaur skeleton (D:10)
  A tengu conjurer (D:10)
  A troll (D:11)
  4 hippogriffs
  2 dream sheep (D:8)
  Sigmund (D:6)
  A wraith (D:9)
  A wyvern (D:10)
  8 yaks
  A water elemental (D:11)
  A hungry ghost (D:8)
  A water moccasin (D:6)
  3 porcupines (D:11)
  Duvessa (D:7)
  4 sky beasts
  6 ice beasts
  2 orc warriors
  3 black bears
  A phantom (D:5)
  A boggart (D:10)
  5 ogres
  2 wolves (D:11)
  4 slaves
  A necrophage (D:10)
  2 centaurs
  6 crocodiles
  4 big kobolds
  7 bullfrogs
  A gnoll sergeant (D:8)
  Dowan (D:7)
  7 scorpions
  2 water moccasin skeletons
  A killer bee (D:10)
  9 wights
  4 howler monkeys
  A bullfrog zombie (D:7)
  2 crimson imps
  2 quasits
  2 jellies
  2 orc priests (D:9)
  4 hounds
  2 bullfrog skeletons
  12 orc wizards
  Terence (D:2)
  6 worker ants
  A killer bee zombie (D:8)
  A hound skeleton (D:10)
  A howler monkey zombie (D:6)
  A worker ant zombie (D:10)
  11 gnolls
  12 adders
  2 shadow imps
  2 oozes
  3 adder skeletons
  8 dart slugs
  5 leopard geckos
  23 orcs
  3 ball pythons
  6 giant cockroaches
  7 goblins
  10 hobgoblins
  23 jackals
  12 kobolds
  3 quokkas
  6 bats
  2 frilled lizards
  A quokka skeleton (D:9)
  9 rats
  A plant (D:11)
296 creatures vanquished.

Vanquished Creatures (others)
  An orc warrior (D:11)
  5 orcs (D:11)
  A fungus (D:11)
7 creatures vanquished.

Grand Total: 303 creatures vanquished

Notes
Turn   | Place    | Note
-------+----------+-------------------------------------------
     0 | D:1      | Delamore the Hill Orc Monk began the quest for the Orb.
     0 | D:1      | Reached XP level 1. HP: 19/19 MP: 1/1
   226 | D:1      | Reached XP level 2. HP: 26/26 MP: 2/2
   320 | D:1      | Reached skill level 5 in Axes
   489 | D:1      | You fall into a shaft and drop 1 floor!
   628 | D:1      | Reached XP level 3. HP: 31/31 MP: 3/3
  1023 | D:2      | Reached skill level 6 in Axes
  1336 | D:2      | Noticed Terence
  1359 | D:2      | Killed Terence
  1359 | D:2      | Reached XP level 4. HP: 26/39 MP: 4/4
  1587 | D:2      | Found a glowing golden altar of the Shining One.
  1737 | D:3      | Reached skill level 7 in Axes
  1784 | D:3      | Reached XP level 5. HP: 11/45 MP: 5/5
  2256 | D:3      | Reached skill level 8 in Axes
  2458 | D:4      | Reached XP level 6. HP: 43/51 MP: 6/6
  2545 | D:3      | Reached skill level 9 in Axes
  3039 | D:4      | Reached skill level 10 in Axes
  3039 | D:4      | Reached XP level 7. HP: 57/57 MP: 7/7
  3831 | D:5      | Entered Level 5 of the Dungeon
  4133 | D:5      | Reached skill level 11 in Axes
  4698 | D:5      | Reached XP level 8. HP: 33/64 MP: 8/8
  4701 | D:5      | Reached skill level 12 in Axes
  4793 | D:5      | Found Qunerono's Distillery.
  4842 | D:5      | Bought a potion of degeneration for 12 gold pieces
  4842 | D:5      | Bought a potion of curing for 36 gold pieces
  4842 | D:5      | Bought a potion of might for 48 gold pieces
  4852 | D:5      | Found a staircase to the Ecumenical Temple.
  5166 | D:6      | Found a transporter.
  5166 | D:6      | Noticed Masnef's ghost (novice OgWz)
  5193 | D:6      | Got a crude scale mail
  5204 | D:6      | Identified the +4 scale mail of Yqeusk {Stlth+} (You found
                  | it on level 6 of the Dungeon)
  5344 | D:6      | Reached skill level 13 in Axes
  5920 | D:6      | Noticed Sigmund
  5949 | D:6      | Killed Sigmund
  5949 | D:6      | Reached skill level 14 in Axes
  5949 | D:6      | Reached XP level 9. HP: 50/70 MP: 9/9
  6073 | D:6      | Found a transporter.
  6375 | D:7      | Found Qacvegh's Food Emporium.
  6402 | D:6      | Reached skill level 1 in Armour
  6415 | D:7      | Noticed Duvessa
  6417 | D:7      | Noticed Dowan
  6573 | D:7      | Killed Dowan
  6579 | D:7      | Killed Duvessa
  6876 | D:7      | Found an iron altar of Okawaru.
  7066 | D:7      | Reached skill level 15 in Axes
  7395 | D:7      | Found a bloodstained altar of Trog.
  7418 | D:7      | Reached skill level 5 in Fighting
  7638 | D:8      | Reached skill level 5 in Armour
  7665 | D:8      | Got a jewelled helmet
  7676 | D:8      | Identified the cursed +0 helmet of the Crushed Seas {*Slow
                  | rElec rN+} (You found it on level 8 of the Dungeon)
  7766 | D:8      | Found a hide-covered altar of Uskayaw.
  7815 | D:8      | Reached XP level 10. HP: 81/81 MP: 10/10
  8168 | D:8      | Became a worshipper of Beogh the Brigand
  8168 | D:8      | Reached * piety under Beogh
  8168 | D:8      | Reached ** piety under Beogh
  8934 | D:8      | Noticed a three-headed hydra
  8939 | D:8      | Killed a one-headed hydra
  9114 | D:9      | Noticed Pikel
  9114 | D:9      | Noticed a two-headed ogre
  9680 | D:9      | Noticed an orange crystal statue
 10092 | D:9      | Killed Pikel
 10634 | D:9      | Reached XP level 11. HP: 74/95 MP: 11/11
 10710 | D:9      | Killed an orange crystal statue
 11003 | D:9      | Reached skill level 16 in Axes
 11130 | D:9      | Killed a two-headed ogre
 11597 | D:10     | Entered Level 10 of the Dungeon
 11823 | D:10     | Reached skill level 10 in Fighting
 11827 | D:10     | Noticed a skeletal warrior
 11836 | D:10     | Killed a skeletal warrior
 11850 | D:10     | Noticed a red ugly thing
 12254 | D:10     | Reached skill level 10 in Armour
 12254 | D:10     | Killed a red ugly thing
 12367 | D:10     | Reached *** piety under Beogh
 12532 | D:10     | Identified the amulet of Hacsaits {rElec Regen+ Str-3
                  | Dex+7}
 12538 | D:10     | Identified the amulet "Joerexuo" {+Rage rC+ Dex+3}
 12538 | D:10     | Noticed a death knight
 12548 | D:10     | Killed a death knight
 12825 | D:10     | Noticed a catoblepas
 12837 | D:10     | Killed a catoblepas
 12837 | D:10     | Reached skill level 17 in Axes
 12837 | D:10     | Reached XP level 12. HP: 63/110 MP: 12/12
 13048 | D:10     | Got a fine bone ring
 13057 | D:10     | Got a warped silver ring
 13220 | D:10     | Noticed a two-headed ogre
 13227 | D:10     | Killed a two-headed ogre
 13601 | D:11     | Found a staircase to the Lair.
 13807 | D:11     | HP: 7/165 [troll (9)]
 13826 | D:11     | HP: 6/165 [ice devil[a kobold demonologist] (3)]
 13827 | D:11     | Slain by an ice devil

Levels and vault maps discovered:
D:1:      eino_arrival_tree_alley, layout_basic
D:2:      layout_loops_ring, lemuel_tele_altar, uniq_terence
D:3:      kennysheep_slugbush, layout_rooms, minivault_27, serial_bayou_crossing
D:4:      layout_cave_pods
D:5:      layout_rooms, temple_green, first_ration, serial_shops, shop
D:6:      layout_gridville, gammafunk_ghost_arena, uniq_sigmund
D:7:      layout_basic, serial_shops, shop, basic_altar, chequers_mini_garden,
          trog_ov_bears_minmay, uniq_duvessa
D:8:      layout_loops_ring, overflow_temple_1_default, hangedman_ranch
          [blue_anna_fruit_fields]
D:9:      layout_rooms, serial_curves, eino_curves_01, eino_curves_01,
          minmay_protected_statue, uniq_pikel
D:10:     minmay_the_grid_triangle_9x9_rhombus_thin_mashed
          [minmay_the_grid_triangle_9x9_windchime,
          minmay_the_grid_triangle_9x9_prize_special,
          minmay_the_grid_triangle_9x9_dagger,
          minmay_the_grid_triangle_9x9_flanged_cone], layout_basic
D:11:     layout_big_octagon, minmay_lair_entry_grove, david_orc_4,
          serial_shops, shop

Skill      XL: |  1  2  3  4  5  6  7  8  9 10 11 12 |
---------------+-------------------------------------+-----
Axes           | 5 6 7 8 10 11 14 15 17 | 17.3
Fighting       | 5 8 11 | 11.4
Armour         | 5 8 10 | 10.7
Dodging        | 3 |  3.2
Throwing       | |  0.1
Stealth        | |  1.5
Evocations     | |  0.4

Action                   |  1- 3 |  4- 6 |  7- 9 | 10-12 || total
-------------------------+-------+-------+-------+-------++-------
Melee: Hand axe          |   152 |   207 |   540 |   383 ||  1282
       Battleaxe         |       |       |       |   227 ||   227
Throw: Javelin           |     5 |     7 |    19 |     5 ||    36
       Dart              |       |       |    25 |    55 ||    80
       Throwing net      |       |       |     1 |       ||     1
Invok: Convert to Beogh  |       |       |       |     1 ||     1
       Smiting           |       |       |       |     2 ||     2
Evoke: Wand              |       |       |     1 |     8 ||     9
  Use: Scroll            |       |     3 |     6 |     9 ||    18
       Potion            |       |       |     1 |     7 ||     8
 Stab: Sleeping          |       |       |     1 |     1 ||     2
       Distracted        |       |       |       |     1 ||     1
  Eat: Chunk             |     1 |     6 |    14 |    11 ||    32
       Ration            |       |       |     1 |     3 ||     4
Armor: Robe              |     8 |       |       |       ||     8
       Ring mail         |    34 |    54 |    48 |       ||   136
       Scale mail        |       |       |   114 |   274 ||   388
       Skin              |       |       |       |    25 ||    25
Dodge: Dodged            |    96 |   131 |   209 |   233 ||   669
